 Dungeon Crawl Stone Soup version 0.32-a0-834-geaf45d8e21 (webtiles) character file.

Game seed: 1236635186586585337

6 AstroCodex24 the Covered (level 1, -5/18 HPs)
             Began as a Demigod Fighter on Mar 26, 2024.
             Slain by Sigmund
             ... wielding a +4 scythe of flaming
              (11 damage)
             ... on level 3 of the Dungeon.
             The game lasted 00:00:53 (251 turns).

AstroCodex24 the Covered (Demigod Fighter)           Turns: 251, Time: 00:00:54

Health: -5/18      AC:  6    Str: 17    XL:     1   Next: 60%
Magic:  3/3        EV:  8    Int: 10    God:
Gold:   44         SH:  4    Dex: 13    Spells: 0/0 levels left

rFire   . . .        a - +0 war axe
rCold   . . .        c - +0 buckler
rNeg    . . .        b - +0 scale mail
rPois   .            (no helmet)
rElec   .            (no cloak)
rCorr   .            (no gloves)
SInv    .            (no boots)
Will    .....        (no amulet) Stlth
                     (no ring)
HPRegen 0.23/turn    (no ring)
MPRegen 0.08/turn

%: no passive effects
@: no status effects
A: high MP 1, forlorn, divine attributes
a: no special abilities


You were on level 3 of the Dungeon.
You visited 1 branch of the dungeon, and saw 3 of its levels.

You collected 44 gold pieces.

Inventory:

Hand Weapons
 a - a +0 war axe (weapon)
Armour
 b - a +0 scale mail (worn)
 c - a +0 buckler (worn)
Scrolls
 e - 3 scrolls of identify {unknown}
Potions
 d - a potion of might
 f - a potion of cancellation {unknown}


   Skills:
 + Level 2.8 Fighting
 + Level 1.9 Axes
 + Level 2.8 Armour
 + Level 2.8 Shields


You couldn't memorise any spells.
You didn't know any spells.
Your spell library was empty.

Dungeon Overview and Level Annotations

Branches:
Dungeon (3/15)

Annotations:
D:3 Sigmund


Innate Abilities, Weirdness & Mutations

You have an increased reservoir of magic. (+10% MP)
You shall have no god before yourself.
Your divine heritage dramatically boosts your attributes as you level up.


Message History

a +0 whip; 2 stones; a kobold corpse
There is a stone staircase leading down here.
There is a stone staircase leading down here.
You climb downwards.
The ball python hisses angrily.
There is a stone staircase leading up here.
The ball python closely misses you. The ball python grabs you.
The ball python constricts you.
You barely miss the ball python. You block the ball python's attack.
The ball python constricts you. You block the ball python's attack.
The ball python constricts you.
You hit the ball python but do no damage.
You block the ball python's attack. The ball python constricts you.
You barely miss the ball python. You block the ball python's attack.
The ball python constricts you. The ball python bites you.
The ball python constricts you.
You hit the ball python.
You kill the ball python!
You see here a ball python corpse.
Sigmund the Dreaded comes into view.
He is wielding a +4 scythe of flaming and wearing a +2 robe of positive energy.
Sigmund shouts!
Sigmund hits you from afar with a +4 scythe of flaming.
Sigmund burns you. Sigmund closely misses you.
You hit Sigmund.
Sigmund is lightly wounded.
Sigmund casts a spell at you.
The magic dart hits you but does no damage.
You closely miss Sigmund.
Sigmund is lightly wounded.
Sigmund gestures at you while chanting. The magic dart hits you!
Ouch! That really hurt!
* * * LOW HITPOINT WARNING * * *
You closely miss Sigmund.
Sigmund is lightly wounded.
Sigmund hits you with a +4 scythe of flaming!
Ouch! That really hurt!
You die...
Sigmund begins carving another notch in his scythe.

# #. #...
###.#.## #
.......#.#
.....#.
....
#@####
#@...#
#....#
#....#
##....#
##..†..#
#......#
#.#..<.#
...#....#
###....###


You could see Sigmund.

Vanquished Creatures
  A bat (D:2)
  3 kobolds
  A ball python (D:3)
  A rat (D:1)
6 creatures vanquished.

Notes
Turn   | Place    | Note
-------+----------+-------------------------------------------
     0 | D:1      | AstroCodex24 the Demigod Fighter began the quest for the
                  | Orb.
     0 | D:1      | Reached XP level 1. HP: 18/18 MP: 3/3
   246 | D:3      | Noticed Sigmund
   251 | D:3      | Slain by Sigmund

Illustrated notes

Levels and vault maps discovered:
D:1:      roderic_octagonal_star, layout_loops_cross
D:2:      layout_loops_ring, serial_shops, nicolae_shop_pleasant_corner_grove
D:3:      layout_rooms, shapermc_ecumenical_altar_venn,
          hangedman_decor_opposing, uniq_natasha, uniq_sigmund,
          uniq_crazy_yiuf_cottage, uniq_grinder

Action                     || total
---------------------------++-------
  Melee: War axe           ||    22
 Armour: Scale mail        ||    27
  Dodge: Dodged            ||     9
  Block: Buckler           ||    15

Table legend: (Time is in decaauts)
 A = Elapsed time spent in this place.
 B = Non-inter-level travel time spent in this place.
 C = Inter-level travel time spent in this place.
 D = Time resting spent in this place.
 E = Time spent auto-exploring this place.
 F = Levels seen in this place.
 G = Mean time per level.
                   A        B        C        D        E       F      G
               +--------+--------+--------+--------+--------+-----+--------+
         Total |    259 |    259 |      0 |      0 |      0 |   3 |   86.3 |
       Dungeon |    259 |    259 |      0 |      0 |      0 |   3 |   86.3 |
               +--------+--------+--------+--------+--------+-----+--------+

Top non-repeatable levels by time:
     D:1: 166 daAuts
     D:2: 74 daAuts
     D:3: 19 daAuts
